Map: Ulrena

Players

AcerNerchio (Nerchio) - Winner!

  • Race: Zerg Zerg

Apocalypse

  • Race: Terran Terran

Event: Gauntlet LotV Series 1 Qualifier 1

VOD

Have the link to the VOD?

Description

Time

  • Played on: Nov. 22, 2015, 9:31 p.m.
  • Length: 9:01

All games in this series

Show
View Real Time Build Order
Export as new Build Order

AcerNerchio Zerg - Winner!

Build Orders: Hatch First 

Get SALT Encoding   

  12  0:00  Drone  
  13  0:12  Overlord  
  13  0:17  Drone  
  14  0:31  Drone x2  
  16  0:36  Drone  
  17  0:56  Hatchery  
  16  0:57  Drone  
  16  1:01  Drone  
  18  1:17  Spawning Pool  
  17  1:20  Drone  
  17  1:23  Drone  
  19  1:33  Drone  
  19  1:39  Extractor  
  19  1:41  Overlord  
  19  2:04  Queen, Zergling x4  
  23  2:11  Queen  
  23  2:12  Zergling x2  
  26  2:16  Drone  
  26  2:18  Drone  
  26  2:21  Drone  
  29  2:29  Drone  
  30  2:35  Drone  
  31  2:41  Drone  
  31  2:42  Roach Warren  
  31  2:45  Drone  
  31  2:51  Overlord  
  32  2:57  Overlord  
  32  3:22  Roach x6  
  32  3:24  Roach  
  45  3:27  Drone  
  45  3:29  Drone  
  45  3:33  Drone  
  45  3:34  Drone  
  49  3:38  Overlord  
  49  3:40  Drone  
  50  3:46  Drone x2  
  52  3:50  Overlord  
  52  3:55  Extractor  
  52  3:56  Ravager  
  52  4:05  Drone, Ravager  
  52  4:06  Drone x5  
  59  4:11  Overlord  
  55  4:28  Drone x2  
  55  4:29  Drone x3  
  54  4:33  Drone x2  
  56  4:45  Drone x2, Ravager  
  59  4:47  Drone x2  
  59  4:48  Hatchery  
  59  4:50  Extractor  
  59  4:58  Evolution Chamber  
  59  4:59  Evolution Chamber  
  57  5:04  Queen  
  57  5:06  Roach x4  
  64  5:08  Overlord  
  64  5:12  Overlord  
  64  5:14  Overlord  
  64  5:24  Drone  
  64  5:25  Drone x3  
  64  5:26  Overlord  
  68  5:32  Zerg Missile Weapons Level 1, Zerg Ground Armor Level 1  
  68  5:38  Drone  
  68  5:39  Drone  
  68  5:41  Extractor  
  69  5:47  Drone x2  
  71  5:50  Lair  
  71  5:57  Overlord  
  71  6:01  Drone x2  
  71  6:02  Drone x4  
  71  6:03  Drone x2  
  71  6:04  Ravager, Extractor  
  78  6:05  Ravager x2  
  78  6:07  Overlord  
  81  6:14  Overlord  
  81  6:17  Roach  
  81  6:18  Roach  
  85  6:30  Roach  
  85  6:31  Roach x5  
  85  6:32  Overlord  
  97  6:35  Drone x3  
  97  6:36  Drone x2  
  97  6:38  Overlord  
  102  6:41  Drone  
  102  6:43  Overlord, Extractor  
  102  6:49  Roach x2  
  102  6:50  Glial Reconstitution  
  106  6:57  Roach  
  106  6:58  Roach  
  106  6:59  Roach  
  106  7:00  Roach x2  
  118  7:01  Roach  
  118  7:04  Roach x2  
  118  7:06  Roach  
  118  7:08  Drone x3  
  125  7:11  Roach  
  125  7:13  Roach  
  125  7:14  Roach  
  133  7:17  Overseer  
  133  7:18  Roach  
  133  7:19  Overseer  
  133  7:21  Roach  
  137  7:24  Overlord  
  137  7:27  Ravager  
  137  7:28  Ravager x3  
  141  7:36  Ravager  
  143  7:37  Ravager  
  143  7:41  Roach  
  143  7:42  Roach x2  
  143  7:43  Roach  
  151  7:47  Roach  
  151  7:48  Roach x2  
  151  7:49  Roach  
  153  7:54  Overseer  
  153  7:55  Roach x2  
  153  7:56  Overlord x4  
  149  8:14  Roach x4  
  149  8:18  Roach x2  
  155  8:22  Roach  
  157  8:31  Roach  
  157  8:32  Roach x2  
  157  8:40  Roach  
Show
View Real Time Build Order
Export as new Build Order

Apocalypse Terran 

Build Orders: Command Center First (CC), MMM Bio 

Get SALT Encoding   

  12  0:01  SCV  
  13  0:13  SCV  
  14  0:17  Supply Depot  
  14  0:25  SCV  
  15  0:39  SCV  
  16  0:51  SCV  
  17  1:00  Command Center  
  17  1:12  Barracks  
  17  1:17  SCV  
  18  1:22  Refinery  
  18  1:37  SCV  
  18  1:39  Engineering Bay  
  19  1:51  SCV  
  20  2:00  Marine  
  21  2:03  Orbital Command  
  20  2:17  Marine  
  21  2:28  Factory  
  21  2:30  SCV  
  21  2:35  Marine  
  23  2:40  Orbital Command  
  23  2:43  SCV  
  24  2:49  Bunker  
  24  2:54  Marine  
  24  2:56  SCV  
  26  3:08  SCV x2, Refinery  
  28  3:14  Barracks Reactor  
  28  3:17  Factory Tech Lab  
  28  3:20  SCV x2  
  28  3:23  Supply Depot  
  30  3:32  SCV  
  30  3:33  SCV  
  32  3:38  Siege Tank  
  35  3:44  Supply Depot  
  35  3:45  SCV  
  35  3:46  SCV  
  37  3:50  Marine x2  
  39  3:57  SCV, Supply Depot  
  39  3:58  SCV  
  41  4:09  SCV  
  42  4:10  SCV, Siege Tank  
  42  4:11  Marine x2  
  48  4:21  SCV  
  48  4:29  Marine x2  
  46  4:33  Bunker  
  46  4:35  SCV x2  
  48  4:45  Command Center  
  47  4:46  Siege Tank  
  47  4:47  SCV  
  47  4:50  SCV  
  52  4:59  SCV  
  53  5:02  SCV  
  54  5:07  Barracks Tech Lab  
  54  5:09  Supply Depot  
  54  5:13  Supply Depot  
  54  5:17  Engineering Bay x2  
  54  5:28  Stimpack  
  54  5:31  SCV x2, Factory Reactor, Marine  
  57  5:37  Barracks x2  
  57  5:40  Refinery  
  57  5:41  Refinery  
  57  5:43  SCV x2  
  57  5:49  Starport  
  59  5:52  Marauder  
  59  5:55  SCV x2  
  63  5:57  Terran Infantry Weapons Level 1  
  63  5:58  Terran Infantry Armor Level 1  
  63  6:03  Orbital Command  
  63  6:07  SCV  
  63  6:08  SCV  
  65  6:16  Marauder  
  67  6:19  SCV  
  67  6:20  SCV  
  69  6:28  Barracks x2  
  69  6:30  Combat Shields  
  69  6:31  SCV, Marine  
  69  6:32  Marauder  
  71  6:33  SCV  
  71  6:39  Supply Depot  
  72  6:41  Medivac x2  
  72  6:44  Factory Tech Lab  
  72  6:45  Orbital Command  
  76  6:50  Marauder, Marine  
  76  6:53  Supply Depot, SCV x2  
  81  7:00  Marine  
  81  7:01  Marauder  
  84  7:05  SCV  
  84  7:07  SCV, Marine  
  87  7:09  Bunker  
  87  7:10  SCV  
  87  7:13  Medivac x2  
  92  7:16  Armory  
  92  7:17  Barracks Reactor, SCV  
  92  7:21  Marine  
  94  7:24  SCV x2, Barracks Reactor  
  94  7:28  Supply Depot  
  97  7:30  SCV, Marine x2  
  97  7:31  Marauder  
  101  7:50  SCV x3  
  104  7:52  Marine x2  
  106  8:02  SCV  
  103  8:06  Marine x3  
  103  8:07  Medivac, Marauder  
  107  8:13  Siege Tank  
  107  8:16  Marine  
  92  8:24  Marine  
  92  8:26  Marauder, Marine x3  
  78  8:28  Marauder  
  72  8:37  Marine x2  
Tags
 
Add a new tag
Caveats
  • Supply blocks, unpowered buildings, or Contaminate may cause inaccurate times.
  • Supply counts are checked every 10 seconds.